 Dungeon Crawl Stone Soup version 0.22-a0-542-gce4f928 (webtiles) character file.

851283 pk666 the Archmage (level 27, -8/177 HPs)
             Began as a Deep Elf Fire Elementalist on June 23, 2018.
             Was the Champion of Vehumet.
             Mangled by a reaper
             ... wielding a +4 scythe of venom
             ... summoned by a greater mummy's death curse
              (47 damage)
             ... on level 24 of a ziggurat on June 25, 2018.
             The game lasted 11:53:52 (97636 turns).

pk666 the Archmage (Deep Elf Fire Elementalist)    Turns: 97636, Time: 11:54:22

Health: -8/177     AC: 13    Str:  5 (10) XL:     27
Magic:  37/89      EV: 47    Int: 34 (41) God:    Vehumet [******]
Gold:   7841       SH:  0    Dex: 31 (32) Spells: 11/80 levels left

rFire    + + .     SeeInvis .   V - staff of power
rCold    . . .     Gourm    .   (no shield)
rNeg     + + +     Faith    .   J - +1 robe of the Falcon {rElec Int+4 Dex+2}
rPois    .         Spirit   .   M - +2 hat
rElec    +         Reflect  .   p - +2 cloak {+Inv}
rCorr    .         Harm     .   u - +2 pair of gloves {Dex+3}
MR       +++++     Clarity  +   W - +2 pair of boots
Stlth    +++.......             S - amulet of the Four Winds {rN+ MR+++ Clar}
HPRegen  1.39/turn              P - ring of Ynaacui {*Drain rF++ MP+9 Int+3 Dex+9 Stlth-}
MPRegen  0.51/turn              o - ring "Dehe" {rN++ MP+9 EV+3 Dex-2 Slay+3}

@: mighty, agile, very slightly contaminated, regenerating, studying Stealth,
deflect missiles
A: deformed body
}: 4/15 runes: decaying, serpentine, slimy, silver
a: Renounce Religion, Evoke Invisibility


You were on level 24 of a ziggurat.
You worshipped Vehumet.
Vehumet was exalted by your worship.
You were not hungry.

You visited 11 branches of the dungeon, and saw 57 of its levels.
You visited 1 ziggurat, and saw 24 of its levels.
You also visited: Ice Cave.

You collected 9371 gold pieces.
You spent 1530 gold pieces at shops.

Inventory:

Hand Weapons
 d - the +6 quarterstaff of Ywungeb {freeze, MP+9 Dex+4}
   (You found it on level 14 of a ziggurat)

   It has been specially enchanted to freeze those struck by it, causing extra
   injury to most foes and up to half again as much damage against particularly
   susceptible opponents.
   It can also slow down cold-blooded creatures.
   It affects your dexterity (+4).
   It affects your magic capacity (+9).
 K - the +10 quarterstaff of Sharkskin {freeze, rElec Dex+2 Stlth-}
   (You found it on level 20 of a ziggurat)

   It has been specially enchanted to freeze those struck by it, causing extra
   injury to most foes and up to half again as much damage against particularly
   susceptible opponents.
   It can also slow down cold-blooded creatures.
   It affects your dexterity (+2).
   It insulates you from electricity.
   It makes you less stealthy.
Armour
 p - a +2 cloak of invisibility (worn)
 u - a +2 pair of gloves of dexterity (worn)
 D - the +2 pair of gloves of the Elven Halls {rElec}
   (You found it on level 5 of a ziggurat)

   It insulates you from electricity.
 J - the +1 robe of the Falcon (worn) {rElec Int+4 Dex+2}
   (You found it on level 2 of the Snake Pit)

   It affects your intelligence (+4).
   It affects your dexterity (+2).
   It insulates you from electricity.
 M - a +2 hat (worn)
 N - a +2 robe of resistance
 W - a +2 pair of boots (worn)
Magical Staves
 a - an uncursed staff of wizardry
 z - an uncursed staff of energy
 V - an uncursed staff of power (weapon)
Jewellery
 b - the ring of Anarchy {rF+ rN+ Str-5 Int+5 Dex+6, unknown}
   (You found it on level 23 of a ziggurat)

   [ring of intelligence]

   It affects your strength (-5).
   It affects your intelligence (+5).
   It affects your dexterity (+6).
   It protects you from fire.
   It protects you from negative energy.
 o - the ring "Dehe" (right hand) {rN++ MP+9 EV+3 Dex-2 Slay+3}
   (You found it on level 16 of a ziggurat)

   [ring of evasion]

   It affects your evasion (+3).
   It affects your dexterity (-2).
   It affects your accuracy and damage with ranged weapons and melee attacks
   (+3).
   It greatly protects you from negative energy.
   It affects your magic capacity (+9).
 B - the ring "Ziza" {rF+ rC+ EV+3}
   (You found it on level 3 of the Crypt)

   [ring of evasion]

   It affects your evasion (+3).
   It protects you from fire.
   It protects you from cold.
 H - the ring "Mammacedgh" {rElec rPois rF+ Str+2 Dex-4}
   (You found it on level 7 of a ziggurat)

   [ring of poison resistance]

   It affects your strength (+2).
   It affects your dexterity (-4).
   It protects you from fire.
   It insulates you from electricity.
   It protects you from poison.
 L - an uncursed ring of see invisible
 P - the ring of Ynaacui (left hand) {*Drain rF++ MP+9 Int+3 Dex+9 Stlth-}
   (You found it on level 14 of a ziggurat)

   [ring of magical power]

   It affects your intelligence (+3).
   It affects your dexterity (+9).
   It greatly protects you from fire.
   It affects your magic capacity (+9).
   It causes draining when unequipped.
   It makes you less stealthy.
 R - an uncursed ring of wizardry
 S - the amulet of the Four Winds (around neck) {rN+ MR+++ Clar}
   (You found it on level 5 of the Pits of Slime)

   [amulet of nothing]

   It protects you from negative energy.
   It affects your resistance to hostile enchantments.
   It protects you against confusion.
 X - the ring of Megalomania {rC+ Str+4 Dex+5}
   (You found it on level 8 of a ziggurat)

   [ring of dexterity]

   It affects your strength (+4).
   It affects your dexterity (+5).
   It protects you from cold.
Wands
 j - a wand of scattershot (2)
 t - a wand of enslavement (15)
 A - a wand of iceblast (59)
 O - a wand of acid (19)
 U - a wand of clouds (7)
 Y - a wand of digging (22)
Scrolls
 h - 42 scrolls of teleportation
 k - 18 scrolls of fog
 l - 9 scrolls of holy word
 n - 6 scrolls of magic mapping
 s - 3 scrolls of fear
 y - 44 scrolls of remove curse
 C - 7 scrolls of blinking
 E - 6 scrolls of amnesia
Potions
 e - 11 potions of agility
 f - 12 potions of lignification
 g - 20 potions of curing
 i - 2 potions of resistance
 m - 6 potions of brilliance
 q - a potion of heal wounds
 r - 5 potions of cancellation
 w - 9 potions of flight
 x - 14 potions of mutation
 F - 7 potions of invisibility
 G - 11 potions of haste
 I - 6 potions of ambrosia
 Q - a potion of magic
 T - 7 potions of might
Books
 Z - a manual of Stealth
Comestibles
 c - 71 rations


   Skills:
 + Level 19.2 Fighting
 - Level 14.0 Staves
 + Level 25.5 Dodging
 - Level 2.4 Stealth
 O Level 27 Spellcasting
 O Level 27 Conjurations
 - Level 10.0 Charms
 - Level 17.0 Necromancy
 - Level 18.0 Transmutations
 - Level 24.4 Fire Magic
 - Level 16.0 Ice Magic
 - Level 6.1 Air Magic
 - Level 5.1 Earth Magic
   Level 4.0 Poison Magic
 + Level 13.2 Evocations


You had 11 spell levels left.
You knew the following spells:

 Your Spells              Type           Power        Failure   Level  Hunger
a - Regeneration          Chrm/Necr      #######...   0%          3    None
b - Necromutation         Tmut/Necr      ########..   2%          8    None
c - Glaciate              Conj/Ice       ########..   1%          9    ###....
d - Lehudib's Crystal Sp  Conj/Erth      ########..   1%          8    None
e - Apportation           Tloc           #####.       1%          1    None
g - Deflect Missiles      Chrm/Air       #######...   2%          6    None
l - Blink                 Tloc           N/A          1%          2    None
q - Sublimation of Blood  Necr           ########..   0%          2    None
s - Bolt of Cold          Conj/Ice       ########..   0%          6    None
v - Ignition              Fire           ########..   1%          8    None
x - Orb of Destruction    Conj           ########..   0%          7    None
z - Fire Storm            Conj/Fire      ########..   1%          9    ###....

Your spell library contained the following spells:

 Spells                   Type           Power        Failure   Level  Hunger
 Cause Fear               Hex            #####.....   4%          4    None
 Magic Dart               Conj           ####         0%          1    None
 Fireball                 Conj/Fire      ########..   0%          5    None
 Conjure Flame            Conj/Fire      ########     0%          3    None
 Bolt of Fire             Conj/Fire      ########..   0%          6    None
 Lightning Bolt           Conj/Air       ########..   0%          5    None
 Bolt of Magma            Conj/Fire/Erth ########..   0%          5    None
 Slow                     Hex            #####...     1%          2    None
 Confuse                  Hex            #####...     1%          3    None
 Invisibility             Hex            #####...     56%         6    None
 Throw Flame              Conj/Fire      ######       0%          2    None
 Throw Frost              Conj/Ice       ######       0%          2    None
 Controlled Blink         Tloc           N/A          100%        8    None
 Freezing Cloud           Conj/Ice/Air   ########..   1%          6    None
 Mephitic Cloud           Conj/Pois/Air  #######.     0%          3    None
 Ring of Flames           Chrm/Fire      ########..   1%          7    None
 Venom Bolt               Conj/Pois      ########..   0%          5    None
 Teleport Other           Tloc           #####...     1%          3    None
 Death's Door             Chrm/Necr      #######...   12%         8    None
 Summon Small Mammal      Summ           ####         1%          1    None
 Bolt of Draining         Conj/Necr      ########..   0%          5    None
 Iskenderun's Mystic Bla  Conj           ########     0%          4    None
 Summon Horrible Things   Summ           #####.....   100%        8    None
 Animate Dead             Necr           N/A          0%          4    None
 Pain                     Necr           ####         0%          1    None
 Animate Skeleton         Necr           N/A          0%          1    None
 Vampiric Draining        Necr           ########..   0%          3    None
 Haunt                    Necr/Summ      #######...   12%         7    None
 Borgnjor's Revivificati  Necr           ########..   2%          8    None
 Freeze                   Ice            ####         0%          1    None
 Ozocubu's Refrigeration  Ice            ########..   1%          6    None
 Sticky Flame             Conj/Fire      ########     0%          4    None
 Summon Ice Beast         Ice/Summ       #######.     1%          4    None
 Ozocubu's Armour         Chrm/Ice       #######.     0%          3    None
 Call Imp                 Summ           #####...     1%          2    None
 Dispel Undead            Necr           ########     0%          5    None
 Poison Arrow             Conj/Pois      ########..   1%          6    None
 Sting                    Conj/Pois      ####         0%          1    None
 Tukima's Dance           Hex            #####...     1%          3    None
 Summon Demon             Summ           #####.....   13%         5    None
 Summon Greater Demon     Summ           #####.....   98%         7    None
 Corpse Rot               Necr           N/A          0%          2    None
 Iron Shot                Conj/Erth      ########..   1%          6    None
 Stone Arrow              Conj/Erth      ######       0%          3    None
 Shock                    Conj/Air       ####         0%          1    None
 Swiftness                Chrm/Air       #######.     1%          2    None
 Recall                   Summ/Tloc      N/A          1%          3    None
 Agony                    Necr           ########     0%          5    None
 Spider Form              Tmut/Pois      #######...   0%          3    None
 Blade Hands              Tmut           ########..   0%          5    None
 Statue Form              Tmut/Erth      #######..    1%          6    None
 Ice Form                 Ice/Tmut       ########     0%          4    None
 Dragon Form              Tmut           ########..   1%          7    None
 Death Channel            Necr           ########..   1%          6    None
 Throw Icicle             Conj/Ice       ########     0%          4    None
 Airstrike                Air            ######....   1%          4    None
 Shadow Creatures         Summ           N/A          56%         6    None
 Confusing Touch          Hex            #####.       1%          1    None
 Flame Tongue             Conj/Fire      #####        0%          1    None
 Passwall                 Tmut/Erth      #######.     0%          2    None
 Ignite Poison            Fire/Tmut/Pois ########     0%          3    None
 Sticks to Snakes         Tmut           ########     0%          2    None
 Call Canine Familiar     Summ           #####...     1%          3    None
 Ensorcelled Hibernation  Hex/Ice        ######       1%          2    None
 Metabolic Englaciation   Hex/Ice        #######...   1%          5    None
 Summon Butterflies       Summ           #####...     1%          1    None
 Silence                  Hex/Air        ######....   3%          5    None
 Shatter                  Erth           ######....   100%        9    ###....
 Dispersal                Tloc           #####.....   56%         6    None
 Static Discharge         Conj/Air       ########     0%          3    None
 Corona                   Hex            #####..      1%          1    None
 Alistair's Intoxication  Tmut/Pois      #######.     1%          5    None
 Lee's Rapid Deconstruct  Erth           ######....   1%          5    None
 Sandblast                Erth           ######       1%          1    None
 Simulacrum               Ice/Necr       ########..   1%          6    None
 Conjure Ball Lightning   Conj/Air       ########..   1%          6    None
 Chain Lightning          Conj/Air       ########..   1%          8    None
 Excruciating Wounds      Chrm/Necr      #######...   1%          5    None
 Portal Projectile        Hex/Tloc       #####.       1%          3    None
 Monstrous Menagerie      Summ           #####.....   98%         7    None
 Petrify                  Tmut/Erth      #######.     1%          4    None
 Passage of Golubria      Tloc           N/A          4%          4    None
 Malign Gateway           Summ/Tloc      #####.....   98%         7    None
 Tornado                  Air            ######....   100%        9    ###....
 Leda's Liquefaction      Hex/Erth       ######....   1%          4    None
 Summon Hydra             Summ           #####.....   98%         7    None
 Darkness                 Hex            #####.....   56%         6    None
 Shroud of Golubria       Chrm/Tloc      ######....   1%          2    None
 Inner Flame              Hex/Fire       #######.     0%          3    None
 Aura of Abjuration       Summ           #####.....   13%         5    None
 Beastly Appendage        Tmut           ######       0%          1    None
 Disjunction              Tloc           #####.....   100%        8    None
 Iskenderun's Battlesphe  Conj/Chrm      ########     0%          5    None
 Fulminant Prism          Conj/Hex       #######...   0%          4    None
 Dazzling Spray           Conj/Hex       ######       0%          3    None
 Force Lance              Conj/Tloc      #######.     0%          4    None
 Infusion                 Chrm           ####         0%          1    None
 Song of Slaying          Chrm           #######.     0%          2    None
 Spectral Weapon          Hex/Chrm       ######..     1%          3    None
 Discord                  Hex            #####.....   100%        8    None
 Summon Forest            Summ/Tloc      #####.....   13%         5    None
 Summon Lightning Spire   Summ/Air       ######..     1%          4    None
 Spellforged Servitor     Conj/Summ      #######...   1%          7    None
 Summon Mana Viper        Hex/Summ       #####...     13%         5    None
 Hydra Form               Tmut           ########..   1%          6    None
 Irradiate                Conj/Tmut      ########..   0%          5    None
 Gell's Gravitas          Tloc           #####.....   1%          3    None
 Yara's Violent Unravell  Hex/Tmut       #######...   1%          5    None
 Infestation              Necr           ########..   2%          8    None
 Lesser Beckoning         Tloc           #####.....   1%          3    None
 Poisonous Vapours        Pois/Air       ######       1%          2    None
 Borgnjor's Vile Clutch   Necr/Erth      #######...   1%          5    None


Dungeon Overview and Level Annotations

Branches:
Dungeon (15/15)            Temple (0/1) D:7            Lair (6/6) D:11
  Swamp (4/4) Lair:3        Snake (4/4) Lair:3        Slime (5/5) Lair:6
    Orc (2/2) D:9             Elf (3/3) Orc:2        Vaults (5/5) D:14
  Crypt (3/3) Vaults:3       Tomb (0/3) Crypt:3      Depths (5/5) D:15
    Zot (5/5) Depths:5

Altars:
Dithmenos
Elyvilon
Fedhas
Nemelex Xobeh
Okawaru
Ru
Trog
Vehumet
Wu Jian
Yredelemnul
Zin
The Shining One
Beogh

Shops:
D:8 (   D:15 (   Orc:1 ?   Orc:2 !}*(   Elf:1 *   Elf:2 :   Snake:2 %
Vaults:2 (   Vaults:5 %   Depths:1 *!   Depths:5 [

Portals:
Hell: Depths:1 Depths:2 Depths:3 Depths:4 Depths:5
Abyss: Depths:3 Depths:4 Depths:5
Pandemonium: Depths:1 Depths:2 Depths:3

Annotations:
Depths:1 3 runed doors, Jomutod's ghost, journeyman SpMo
Depths:4 1 runed door
Zot:2 2 transporters, Woelael's ghost, legendary NaFi


Innate Abilities, Weirdness & Mutations

Armour fits poorly on your strangely shaped body.


Message History

* * * LOW HITPOINT WARNING * * *
Casting: Fire Storm (safe; 1% risk of failure)
Confirm with . or Enter, or press ? or * to list all spells.
Aiming: Fire Storm (safe; 1% risk of failure)
Press: ? - help, Dir - move target cursor A raging storm of fire appears!
The great blast of fire engulfs the greater mummy.
You destroy the greater mummy!
Vehumet accepts your kill.
You feel your power returning.
You feel extremely nervous for a moment...
Death has come for you...
You feel your dexterity returning.
Casting: Fire Storm (safe; 1% risk of failure)
Confirm with . or Enter, or press ? or * to list all spells.
Your skin crawls.
Something hits your fire vortex.
Your fire vortex is engulfed in flames.
Your fire vortex completely resists.
The reaper hits you from afar with a scythe of venom!!!
You die...

▓. W.. ▓... ...
▓..... .M.
▓▓)...... ..§
▓▓??|...... .z8
▓▓2=§§§§..... ..v
▓▓∩/)§§§v.........
▓@>?v§)vv.........
▓▓∩|vv§§v.........
▓▓.(§vv§.........
▓▓="[...........
▓▓.............
▓▓............
▓▓...........
▓▓.........v
▓▓.........


You could see a reaper and 9 friendly fire vortices.

Vanquished Creatures
  the Royal Jelly (Slime:5)
  A pandemonium lord (Zig:5)
  Khufu (Crypt:3)
  2 orbs of fire (Zot:5)
  7 ancient liches
  Mennas (Crypt:1)
  5 juggernauts (Zig:22)
  21 greater mummies
  Boris (Vaults:3)
  Bai Suzhen (Vaults:4)
  2 Killer Klowns (Zot:5)
  2 curse toes (Zot:3)
  Vashnia (Snake:4)
  19 golden dragons
  Jory (Depths:3)
  Nikola (Snake:4)
  A profane servitor (Zig:10)
  3 bone dragons
  A starcursed mass (Zig:17)
  6 iron giants (Zig:22)
  Jorgrun (Depths:5)
  4 electric golems
  12 Orb Guardians (Zot:5)
  18 tentacled monstrosities
  8 liches
  4 deep elf master archers
  10 titans
  8 quicksilver dragons
  5 deep elf blademasters
  6 death cobs
  The ghost of Ennir the Rich, an adept GnIE of Gozag (Elf:1)
  4 tentacled starspawn (Zig:17)
  An Executioner (Zig:5)
  28 acid blobs
  7 ancient champions
  Frances (D:14)
  Gastronok (D:8)
  6 sphinxes
  16 storm dragons
  17 shadow dragons
  18 azure jellies
  A storm dragon (shapeshifter) (Vaults:2)
  Donald (Snake:4)
  8 tengu reavers
  8 draconian monks
  3 thorn hunters
  A fire giant (shapeshifter) (Vaults:5)
  15 vault wardens
  19 fire giants
  3 revenants
  5 deep elf sorcerers
  6 draconian knights
  5 iron dragons
  A caustic shrike zombie (Depths:3)
  18 nagarajas
  3 curse skulls
  7 draconian shifters
  Aizul (Snake:3)
  11 draconian scorchers
  18 frost giants
  3 emperor scorpions
  5 ghouls
  2 orc warlords
  13 ghost moths
  27 stone giants
  13 draconian stormcallers
  2 juggernaut zombies (Zig:24)
  4 deep elf elementalists
  9 draconian annihilators
  A caustic shrike skeleton (Depths:3)
  3 spriggan defenders
  13 ironheart preservers
  4 bennus
  15 very ugly things
  6 war gargoyles
  2 juggernaut skeletons
  16 vampire knights
  The ghost of Yqeakiom the Eclecticist, a journeyman SpVM of Gozag (D:15)
  13 entropy weavers
  8 deep elf annihilators
  20 green draconians
  17 red draconians
  19 black draconians
  9 deep elf demonologists
  9 white draconians
  16 yellow draconians
  A corrupter (Zig:17)
  A lorocyproca (Zig:17)
  12 purple draconians
  Azrael (Orc:2)
  18 ettins
  7 deep elf death magi
  An eidolon (Zig:10)
  3 crystal guardians (Crypt:3)
  5 spark wasps
  9 death oozes
  A quicksilver dragon zombie (Zig:24)
  13 fire dragons
  The ghost of Nib the Thaumaturge, a journeyman GnIE of Gozag (D:12)
  4 merfolk javelineers (Zig:21)
  16 mummy priests
  7 merfolk impalers (Zig:21)
  8 jiangshi
  9 great orbs of eyes
  8 deep elf high priests
  4 green deaths
  Josephine (D:12)
  10 ice dragons
  15 hydras
  26 yaktaur captains
  27 vault guards
  3 spriggan air magi (Depths:5)
  3 rakshasas
  Erolcha (D:9)
  9 naga warriors
  A ghost crab (Zig:20)
  An alligator snapping turtle (Zig:21)
  A quicksilver dragon skeleton (Crypt:3)
  32 two-headed ogres
  A merfolk avatar (Zig:21)
  20 centaur warriors
  2 catoblepae
  3 death knights
  13 ogre magi
  3 anacondas
  45 dancing weapons
  2 satyrs (Zig:21)
  A titan zombie (Crypt:3)
  18 alligators
  7 tengu warriors
  7 merfolk aquamancers (Zig:21)
  7 death scarabs
  A hell hog (Zig:17)
  9 deep troll shamans
  5 deep troll earth magi
  4 orc high priests (Orc:2)
  Urug (D:10)
  A thrashing horror (Zig:17)
  9 vampire magi
  10 shock serpents
  22 deep elf knights
  6 spriggan berserkers
  22 naga sharpshooters
  14 hell knights
  16 spriggans
  A soul eater (Crypt:1)
  Nergalle (Lair:3)
  3 sea snakes (Zig:21)
  A fire crab (shapeshifter) (Vaults:3)
  6 salamander mystics
  2 wretched stars (Zig:17)
  34 skeletal warriors
  A storm dragon skeleton (Depths:3)
  4 sixfirhies
  4 unseen horrors
  4 glowing orange brains
  6 shadow wraiths
  An iron troll (Depths:5)
  24 deep trolls
  6 flayed ghosts
  4 spriggan druids
  8 swamp dragons
  13 deep elf archers
  3 spatial maelstroms (Zig:17)
  12 necromancers
  6 death drakes (Zig:20)
  8 shambling mangroves
  A golden dragon skeleton (Depths:3)
  10 orc knights
  4 wizards
  The ghost of Erlindor the Stinger, a novice DsVM of Sif Muna (D:8)
  Pikel (D:5)
  14 phantasmal warriors
  2 golden dragon zombies
  A lindwurm (shapeshifter) (Vaults:4)
  18 ironbrand convokers
  A wolf spider (shapeshifter) (Zig:13)
  7 naga ritualists
  2 tengu zombies
  A shadow dragon zombie (Zig:24)
  8 shining eyes
  An anaconda skeleton (Crypt:1)
  A wolf spider zombie (D:13)
  An orb spider (shapeshifter) (Depths:3)
  55 deep elf magi
  3 fire giant zombies (Depths:3)
  22 wolf spiders
  10 harpies
  2 iron dragon zombies (Crypt:3)
  A mana viper (shapeshifter) (Depths:3)
  2 shadow dragon skeletons
  8 orb spiders
  12 cyclopes
  8 oklob plants
  5 manticores
  6 fauns (Zig:21)
  5 mana vipers
  18 salamanders
  2 dire elephant zombies
  51 ugly things
  7 orc sorcerers
  2 iron dragon skeletons
  3 spectral centaurs (D:12)
  A sphinx skeleton (Depths:3)
  22 naga magi
  A manticore (shapeshifter) (Depths:2)
  3 frost giant skeletons
  22 moths of wrath
  A titan simulacrum (Zig:16)
  A human skeleton (Vaults:3)
  3 centaur zombies
  2 merfolk sirens (Zig:21)
  15 vault sentinels
  A water nymph (shapeshifter) (Zig:13)
  32 black mambas
  An apocalypse crab (Zig:17)
  8 guardian serpents
  2 torpor snails
  9 elephants
  9 water nymphs (Zig:21)
  An eye of devastation (shapeshifter) (Zig:13)
  A guardian serpent (shapeshifter) (D:15)
  2 gargoyles
  3 ice statues
  11 eyes of devastation
  4 smoke demons
  31 spiny frogs
  A centaur skeleton (D:11)
  3 efreet
  2 hellions (Zig:17)
  A spriggan skeleton (Depths:3)
  A kobold demonologist (D:15)
  A rime drake (Lair:6)
  An emperor scorpion zombie (Crypt:3)
  71 yaktaurs
  An anaconda simulacrum (Crypt:1)
  15 freezing wraiths
  A komodo dragon (shapeshifter) (Vaults:2)
  25 guardian mummies
  2 ancient zymes (Zig:17)
  3 tormentors (Zig:5)
  11 komodo dragons
  5 tengu conjurers
  7 demonic crawlers
  A queen bee (shapeshifter) (Depths:3)
  29 merfolk (Zig:21)
  2 polar bears
  2 jumping spiders (shapeshifter)
  2 golden dragon simulacra
  A meliai (shapeshifter) (Depths:3)
  9 jumping spiders
  10 trolls
  34 hornets
  2 wind drakes
  14 tyrant leeches
  132 slime creatures
  5 raiju
  A stone giant simulacrum (Vaults:2)
  14 hippogriffs
  A meliai zombie (Crypt:2)
  8 bog bodies
  A snapping turtle (shapeshifter) (Vaults:4)
  8 dream sheep
  28 blink frogs
  A fire dragon zombie (Crypt:3)
  A centaur simulacrum (D:15)
  51 flying skulls
  4 snapping turtles (Zig:21)
  10 tarantellas
  A black mamba zombie (Crypt:3)
  2 ynoxinuls
  3 shadows
  2 tarantellas (shapeshifter)
  20 redbacks
  A vampire (D:9)
  12 water elementals
  46 yaks
  10 ushabtiu
  A basilisk (shapeshifter) (Vaults:3)
  2 spriggans (shapeshifter)
  14 wraiths
  A yak (shapeshifter) (Vaults:3)
  5 wyverns
  13 fire elementals
  2 air elementals
  10 basilisks
  3 chaos spawn
  A tyrant leech zombie (Crypt:2)
  12 golden eyes
  17 vampire mosquitoes
  2 swamp worm simulacra (Swamp:4)
  3 hungry ghosts
  2 redback simulacra (D:12)
  4 elf skeletons
  10 insubstantial wisps
  2 human zombies
  59 nagas
  6 wargs
  2 nagas (shapeshifter)
  16 swamp worms
  16 hydra simulacra (Swamp:4)
  4 acid dragons
  12 water moccasins
  11 swamp drakes
  A faun skeleton (Crypt:2)
  2 hell hounds
  10 large abominations
  A floating eye (Depths:3)
  A monstrous demonspawn skeleton (Crypt:2)
  4 sky beasts
  A slave (D:5)
  17 porcupines
  20 ice beasts
  A black bear (D:8)
  A phantom (D:8)
  53 orc warriors
  9 eyes of draining
  9 necrophages
  An eye of draining (shapeshifter) (Depths:2)
  32 ogres
  8 wolves
  A tengu (shapeshifter) (Depths:2)
  5 boggarts (Depths:1)
  13 centaurs
  A blink frog skeleton (Crypt:1)
  13 crocodiles
  3 big kobolds (D:12)
  7 elf zombies
  31 bullfrogs
  A gnoll sergeant (D:11)
  5 earth elementals
  A draconian skeleton (Crypt:2)
  A wyvern zombie (D:12)
  A wyvern skeleton (Crypt:1)
  3 scorpions
  6 killer bees (D:13)
  5 wights (D:7)
  4 electric eels
  A human simulacrum (Vaults:3)
  8 howler monkeys
  8 crimson imps
  2 bullfrog zombies
  20 jellies
  6 hounds
  3 bullfrog skeletons
  32 orc priests
  37 orc wizards
  An iron imp (Depths:1)
  2 iguanas
  A demonspawn skeleton (Crypt:1)
  8 worker ants
  5 lightning spires
  A killer bee zombie (D:6)
  An ogre zombie (Crypt:2)
  A deep dwarf skeleton (Crypt:1)
  3 tengu skeletons
  A hound skeleton (D:6)
  40 mummies
  A worker ant zombie (D:6)
  A steam dragon zombie (Crypt:2)
  9 gnolls
  2 swamp drake zombies (Crypt:1)
  19 adders
  10 shadow imps
  4 white imps
  An ufetubus (Depths:1)
  5 swamp drake simulacra (Swamp:4)
  An adder zombie (D:8)
  A halfling zombie (Crypt:2)
  20 oozes
  An adder skeleton (D:7)
  A halfling skeleton (Crypt:1)
  3 worms
  3 ball lightnings (Zot:3)
  2 dart slugs
  7 leopard geckos
  118 orcs
  5 bats
  2 giant cockroaches
  8 goblins
  5 hobgoblins
  2 jackals (D:6)
  4 quokkas
  3 ball pythons
  4 frilled lizards
  A jackal skeleton (D:6)
  4 kobolds
  A leopard gecko skeleton (D:7)
  A leopard gecko zombie (D:5)
  An orc zombie (Crypt:2)
  A quokka zombie (D:9)
  3 rats
  15 blocks of ice
  3 bushes (Lair:1)
  8 crawling corpses (Elf:3)
  150 fire vortices
  6 fungi
  15 plants
  A starspawn tentacle (Zig:17)
3534 creatures vanquished.

Vanquished Creatures (collateral kills)
  A juggernaut (Depths:2)
  2 ancient liches
  Boris (Depths:3)
  Saint Roka (Depths:1)
  A profane servitor (Zig:2)
  An iron giant (Zig:22)
  2 tentacled monstrosities (Zot:5)
  An Orb Guardian (Zot:5)
  2 titans (Vaults:5)
  3 acid blobs (Slime:5)
  A death cob (Zot:5)
  A tentacled starspawn (Zig:17)
  A storm dragon (Zot:2)
  An azure jelly (Slime:5)
  A vault warden (Vaults:3)
  A ghost moth (Zot:3)
  2 frost giants
  An emperor scorpion (Zig:23)
  A curse skull (Vaults:3)
  A draconian shifter (Zot:3)
  A draconian knight (Zig:19)
  A draconian stormcaller (Zig:19)
  2 very ugly things
  2 draconian annihilators
  2 ironheart preservers
  2 black draconians (Zot:3)
  2 yellow draconians
  A purple draconian (Depths:5)
  2 red draconians
  A white draconian (Zot:2)
  An eidolon (Zig:10)
  2 green deaths (Zig:20)
  A jiangshi (Crypt:1)
  A great orb of eyes (Zig:13)
  A merfolk javelineer (Zig:21)
  2 yaktaur captains
  A two-headed ogre (Vaults:1)
  A naga sharpshooter (Zig:18)
  2 skeletal warriors
  An orc knight (Vaults:1)
  2 golden dragon skeletons
  3 deep elf magi
  A shining eye (Slime:5)
  An orb spider (Zig:23)
  3 ugly things
  A merfolk siren (Zig:21)
  A moth of wrath (Zot:5)
  A naga mage (Zig:18)
  A yaktaur (Depths:2)
  A demonic crawler (Zig:23)
  A guardian mummy (Zig:24)
  A merfolk (Zig:21)
  A troll (Vaults:5)
  A snapping turtle (Zig:21)
  6 slime creatures
  A harpy skeleton (Crypt:3)
  A redback (Zig:23)
  A ynoxinul (Zig:17)
  A tarantella (Zig:23)
  An ushabti (Zig:14)
  A golden eye (Slime:1)
  A tyrant leech zombie (Crypt:1)
  A vampire mosquito (Zig:20)
  2 wargs
  A floating eye (shapeshifter) (Vaults:5)
  An orc warrior (Vaults:5)
  An eye of draining (Slime:4)
  A boggart (Depths:2)
  A centaur (shapeshifter) (Depths:5)
  A spriggan zombie (Crypt:1)
  An orc priest (Vaults:5)
  2 orc wizards (Vaults:5)
  A lightning spire (Zot:3)
  20 mummies
  An adder zombie (Crypt:1)
  5 orcs
  A rat skeleton (Crypt:2)
127 creatures vanquished.

Vanquished Creatures (others)
  A quicksilver dragon (Zot:3)
  2 storm dragons (Zot:3)
  An azure jelly (Swamp:4)
  2 draconian shifters (Zot:3)
  A black draconian (Zot:3)
  3 moths of wrath
  2 gnolls (D:5)
  2 ball lightnings (Zot:3)
  A ball python (D:5)
  18 blocks of ice
  2 briar patches (Swamp:3)
  3 bushes
  1472 fire vortices
  12 fungi
  52 plants
  2 starspawn tentacles (Zig:17)
1576 creatures vanquished.

Grand Total: 5237 creatures vanquished

Notes
Turn   | Place    | Note
-------+----------+-------------------------------------------
     0 | D:1      | pk666 the Deep Elf Fire Elementalist began the quest for the Orb.
     0 | D:1      | Reached XP level 1. HP: 10/10 MP: 6/6
   177 | D:1      | Reached XP level 2. HP: 15/15 MP: 6/8
   743 | D:2      | Reached XP level 3. HP: 19/19 MP: 3/10
  1206 | D:2      | Reached XP level 4. HP: 21/24 MP: 3/11
  1272 | D:2      | Learned a level 4 spell: Sticky Flame
  1276 | D:2      | Learned a level 3 spell: Conjure Flame
  1498 | D:3      | Found an ornate altar of the Wu Jian Council.
  1498 | D:3      | Found a radiant altar of Vehumet.
  1499 | D:3      | Found a sparkling altar of Nemelex Xobeh.
  1500 | D:3      | Noticed an ogre
  1513 | D:3      | Killed an ogre
  1513 | D:3      | Reached XP level 5. HP: 28/28 MP: 4/13
  1567 | D:3      | Became a worshipper of Vehumet
  2812 | D:3      | Found a bloodstained altar of Trog.
  2958 | D:3      | Reached XP level 6. HP: 32/32 MP: 10/15
  3018 | D:3      | Reached * piety under Vehumet
  3018 | D:3      | Offered knowledge of Magic Dart by Vehumet.
  3018 | D:3      | Reached skill level 5 in Spellcasting
  3546 | D:4      | Reached skill level 5 in Conjurations
  3546 | D:4      | Reached skill level 5 in Fire Magic
  3772 | D:4      | Got a smoking glass ring
  3773 | D:4      | Identified the ring of Dim Light {Fire rN+} (You found it on level 4 of the Dungeon)
  3875 | D:4      | Reached XP level 7. HP: 36/36 MP: 10/17
  3882 | D:4      | Learned a level 5 spell: Fireball
  4570 | D:5      | Entered Level 5 of the Dungeon
  4856 | D:5      | Noticed Pikel
  4976 | D:5      | Killed Pikel
  4976 | D:5      | Reached XP level 8. HP: 41/41 MP: 7/20
  5062 | D:5      | Found a shadowy altar of Dithmenos.
  5888 | D:6      | Found a blossoming altar of Fedhas.
  5924 | D:6      | Reached ** piety under Vehumet
  5960 | D:6      | Offered knowledge of Throw Frost by Vehumet.
  6792 | D:6      | Reached XP level 9. HP: 45/45 MP: 13/24
  6987 | D:7      | Found a white marble altar of Elyvilon.
  7254 | D:7      | Offered knowledge of Searing Ray by Vehumet.
  7801 | D:7      | Found a staircase to the Ecumenical Temple.
  8008 | D:7      | Reached *** piety under Vehumet
  8192 | D:7      | Reached skill level 10 in Spellcasting
  8779 | D:8      | Found a runed door.
  8780 | D:8      | Noticed Erlindor's ghost (novice DsVM)
  8781 | D:8      | Noticed a polar bear
  8824 | D:8      | Noticed Gastronok
  9028 | D:8      | Found Hacejaf's Weapon Emporium.
  9178 | D:8      | Offered knowledge of Stone Arrow by Vehumet.
  9321 | D:8      | Learned a level 3 spell: Stone Arrow
  9573 | D:8      | Found a glowing silver altar of Zin.
  9600 | D:8      | Reached XP level 10. HP: 50/50 MP: 13/26
 10524 | D:8      | Killed Gastronok
 10524 | D:8      | Reached skill level 10 in Conjurations
 10524 | D:8      | Reached skill level 10 in Fire Magic
 11021 | D:9      | Noticed a two-headed ogre
 11029 | D:9      | Killed a two-headed ogre
 11174 | D:9      | Noticed Erolcha
 11179 | D:9      | Killed Erolcha
 11179 | D:9      | Reached **** piety under Vehumet
 11337 | D:9      | Found a roughly hewn altar of Beogh.
 11337 | D:9      | Found a staircase to the Orcish Mines.
 11341 | D:9      | Offered knowledge of Mephitic Cloud by Vehumet.
 11341 | D:9      | Reached XP level 11. HP: 54/54 MP: 29/29
 11433 | D:9      | Learned a level 3 spell: Mephitic Cloud
 12334 | D:9      | Reached ***** piety under Vehumet
 12512 | D:10     | Entered Level 10 of the Dungeon
 12512 | D:10     | Noticed Urug
 12793 | D:10     | Noticed a two-headed ogre
 12803 | D:10     | Killed Urug
 12803 | D:10     | Offered knowledge of Poison Arrow by Vehumet.
 13284 | D:10     | Learned a level 6 spell: Poison Arrow
 13293 | D:10     | Killed a two-headed ogre
 14009 | D:10     | Reached skill level 5 in Dodging
 14386 | D:11     | Identified 2 scrolls of acquirement
 14711 | D:11     | Found a staircase to the Lair.
 14747 | D:11     | Got a polished ring mail
 14758 | D:11     | Identified the +4 ring mail of the Komodo Dragon {*Corrode Str+6 Int+6} (You found it on level 11 of the Dungeon)
 15433 | D:11     | Reached XP level 12. HP: 59/59 MP: 26/31
 15577 | D:11     | Found Orpheis's Distillery.
 15881 | Lair:1   | Entered Level 1 of the Lair of Beasts
 16038 | Lair:1   | Reached skill level 1 in Poison Magic
 16763 | Lair:2   | Offered knowledge of Yara's Violent Unravelling by Vehumet.
 17819 | Lair:3   | Found a staircase to the Swamp.
 18475 | Lair:3   | Found a staircase to the Snake Pit.
 18488 | Lair:3   | Noticed Nergalle
 18494 | Lair:3   | Killed Nergalle
 18633 | Lair:3   | Offered knowledge of Conjure Ball Lightning by Vehumet.
 18804 | Lair:3   | Reached skill level 15 in Spellcasting
 18896 | Lair:4   | Reached XP level 13. HP: 63/63 MP: 25/34
 20502 | Lair:5   | Reached ****** piety under Vehumet
 20733 | Lair:5   | Reached skill level 10 in Dodging
 20980 | Lair:6   | Entered Level 6 of the Lair of Beasts
 21155 | Lair:6   | Offered knowledge of Freezing Cloud by Vehumet.
 21423 | Lair:6   | Found a staircase to the Slime Pits.
 22113 | Lair:6   | Reached XP level 14. HP: 68/68 MP: 26/36
 22709 | Lair:6   | Got a fine rapier
 22710 | Lair:6   | Identified the +3 rapier "Ocziklin" {drain, rF+} (You found it on level 6 of the Lair of Beasts)
 23024 | Lair:6   | Found the +10 large shield of Ignorance {rN+ Int-4}
 23210 | Lair:6   | Learned a level 6 spell: Deflect Missiles
 23454 | Orc:1    | Entered Level 1 of the Orcish Mines
 23458 | Orc:1    | Offered knowledge of Bolt of Cold by Vehumet.
 23537 | Orc:1    | Reached skill level 1 in Charms
 23539 | Orc:1    | Reached skill level 1 in Air Magic
 23671 | Orc:1    | Paralysed by an orc sorcerer for 6 turns
 23684 | Orc:1    | Found Awnemmeu's Magic Scroll Emporium.
 23685 | Orc:1    | Found a frozen archway.
 23703 | IceCv    | Entered an ice cave
 23855 | IceCv    | Found a transporter.
 23890 | IceCv    | Found a transporter.
 24127 | IceCv    | Got a steaming large shield
 24188 | Orc:1    | Identified the cursed -9 large shield of Contentment {rF+} (You found it in an ice cave)
 24469 | Orc:2    | Entered Level 2 of the Orcish Mines
 24681 | Orc:2    | Found a staircase to the Elven Halls.
 24685 | Orc:2    | Noticed Azrael
 24910 | Orc:1    | Noticed an orc warlord
 24921 | Orc:1    | Killed an orc warlord
 25045 | Orc:1    | Learned a level 6 spell: Bolt of Cold
 25288 | Orc:2    | Killed Azrael
 25737 | Orc:2    | Offered knowledge of Orb of Destruction by Vehumet.
 25746 | Orc:2    | Learned a level 7 spell: Orb of Destruction
 25985 | Orc:2    | Reached skill level 5 in Ice Magic
 26728 | Orc:2    | Found Tavaxug's Antique Weapon Boutique.
 26728 | Orc:2    | Found Keugywk's Gadget Shop.
 26731 | Orc:2    | Found Bume's Assorted Antiques.
 26731 | Orc:2    | Found Xeubudio's Distillery.
 26767 | Orc:2    | Bought 2 potions of curing for 90 gold pieces
 26767 | Orc:2    | Bought a potion of haste for 150 gold pieces
 26767 | Orc:2    | Bought a potion of degeneration for 15 gold pieces
 26767 | Orc:2    | Bought a potion of curing for 45 gold pieces
 27177 | Swamp:1  | Entered Level 1 of the Swamp
 27180 | Swamp:1  | Reached skill level 5 in Charms
 27687 | Swamp:1  | Reached XP level 15. HP: 72/72 MP: 34/37
 28247 | Swamp:1  | Reached skill level 5 in Air Magic
 28619 | Swamp:2  | Offered knowledge of Ozocubu's Refrigeration by Vehumet.
 28644 | Swamp:2  | Noticed a thorn hunter
 28650 | Swamp:2  | Killed a thorn hunter
 28835 | Swamp:2  | Reached skill level 15 in Fire Magic
 28849 | Swamp:2  | Reached skill level 15 in Conjurations
 29857 | Swamp:3  | Reached skill level 10 in Charms
 30142 | Swamp:3  | Noticed a thorn hunter
 30165 | Swamp:3  | Killed a thorn hunter
 30534 | Swamp:4  | Entered Level 4 of the Swamp
 30766 | Swamp:4  | Offered knowledge of Lehudib's Crystal Spear by Vehumet.
 30766 | Swamp:4  | Offered knowledge of Fire Storm by Vehumet.
 30766 | Swamp:4  | Offered knowledge of Shatter by Vehumet.
 30999 | Swamp:4  | Noticed a thorn hunter
 31003 | Swamp:4  | Killed a thorn hunter
 31264 | Swamp:4  | Killed an azure jelly
 31333 | Swamp:4  | Reached XP level 16. HP: 48/76 MP: 13/40
 32040 | Swamp:4  | Got a decaying rune of Zot
 32409 | Snake:1  | Entered Level 1 of the Snake Pit
 34459 | Snake:2  | Found Heykar's Food Shop.
 35293 | Snake:2  | Got an ichor-stained robe
 35304 | Snake:2  | Identified the +1 robe of the Falcon {rElec Int+4 Dex+2} (You found it on level 2 of the Snake Pit)
 37342 | D:12     | Found a runed gate.
 37342 | D:12     | Found a runed gate.
 37343 | D:12     | Found a runed gate.
 37350 | D:12     | Noticed Nib's ghost (journeyman GnIE)
 37626 | D:12     | Noticed Josephine
 37628 | D:12     | Killed Josephine
 38496 | D:13     | Reached XP level 17. HP: 64/80 MP: 19/42
 39086 | D:13     | Upgraded the game from 0.22-a0-533-g4d20840 to 0.22-a0-538-g76cc104
 39594 | D:14     | Identified the Compendium of Plaster Cramp
 39623 | D:14     | Identified Binwobi's Almanac of Axaxaxas mlö
 39815 | D:14     | Identified the Tome of Dhcmrlchtdj
 39883 | D:14     | Noticed Frances
 39886 | D:14     | Killed Frances
 39963 | D:14     | Found a gate to the Vaults.
 40691 | D:15     | Entered Level 15 of the Dungeon
 40698 | D:15     | Found a sacrificial altar of Ru.
 40982 | D:15     | Found an iron altar of Okawaru.
 41468 | D:15     | Found Reitt's Weapon Shoppe.
 41687 | D:15     | Found a runed gate.
 41688 | D:15     | Found a runed gate.
 41689 | D:15     | Found a runed gate.
 41691 | D:15     | Noticed Yqeakiom's ghost (journeyman SpVM)
 42107 | D:15     | Found a staircase to the Depths.
 42441 | D:8      | Killed Erlindor's ghost
 42557 | D:8      | Identified the +4 trident of the Fortune-Teller {pierce, +Blink Str+3} (You took it off a spriggan on level 8 of the Dungeon)
 42561 | D:8      | Identified the +6 hand axe of the Black Skies {flame, Str+2} (You found it on level 8 of the Dungeon)
 42578 | D:8      | Learned a level 9 spell: Fire Storm
 42773 | Snake:4  | Entered Level 4 of the Snake Pit
 42786 | Snake:4  | Found a glowing silver altar of Zin.
 42992 | Snake:4  | Noticed Vashnia
 42994 | Snake:4  | Noticed Nikola
 43552 | Snake:4  | Killed Vashnia
 43812 | Snake:4  | Noticed Donald
 43854 | Snake:4  | Killed Donald
 44335 | Snake:4  | Killed Nikola
 45371 | Snake:4  | Noticed Aizul
 45398 | Snake:3  | Killed Aizul
 45983 | Snake:4  | Reached XP level 18. HP: 85/85 MP: 44/44
 46428 | Snake:4  | Learned a level 1 spell: Apportation
 46437 | Snake:4  | Learned a level 8 spell: Ignition
 46560 | Snake:4  | Got a serpentine rune of Zot
 46914 | Elf:1    | Entered Level 1 of the Elven Halls
 47605 | Elf:1    | Identified the Handbook of Dark Rites
 47684 | Elf:1    | Found a runed gate.
 47684 | Elf:1    | Noticed Ennir's ghost (adept GnIE)
 47685 | Elf:1    | Found a runed gate.
 47688 | Elf:1    | Found a runed gate.
 48182 | Elf:1    | Identified the +6 scale mail of the Kettle-Drum {rPois rF- MR+++ rCorr} (You found it on level 1 of the Elven Halls)
 48364 | Elf:1    | Found Jegurunoh's General Store.
 48381 | Elf:1    | Bought a scroll of fog for 30 gold pieces
 48493 | Elf:2    | Found Loitsiul's Book Boutique.
 48501 | Elf:2    | Bought a book of Alchemy for 1200 gold pieces
 48506 | Elf:2    | Learned a level 2 spell: Sublimation of Blood
 48510 | Elf:2    | Learned a level 3 spell: Regeneration
 48622 | Elf:2    | Found a runed gate.
 48622 | Elf:2    | Found a runed gate.
 48902 | Elf:2    | Found a runed gate.
 49136 | Elf:3    | Entered Level 3 of the Elven Halls
 50157 | Elf:3    | Reached skill level 1 in Necromancy
 50890 | Elf:3    | Identified the +6 dagger "Bedorayn" {speed, Int+4} (You took it off a deep elf demonologist on level 3 of the Elven Halls)
 50913 | Elf:3    | Reached XP level 19. HP: 89/89 MP: 4/46
 51495 | Elf:3    | Identified the Papyrus of Darkness and Translocation
 51580 | Elf:3    | Identified the Grimoire of Spatial Stones
 51613 | Elf:3    | Identified the cursed -2 hat of the Ten Cities {*Drain rPois rC+ MR+++} (You found it on level 3 of the Elven Halls)
 52149 | Depths:1 | Entered Level 1 of the Depths
 52461 | Depths:1 | Found a runed gate.
 52461 | Depths:1 | Found a runed gate.
 52461 | Depths:1 | Noticed Jomutod's ghost (journeyman SpMo)
 52462 | Depths:1 | Found a runed gate.
 52467 | Depths:1 | Found Hadafaeh's Changing Room.
 52668 | Depths:1 | Noticed Saint Roka
 52673 | Depths:1 | Killed Saint Roka
 52941 | Depths:1 | Found a one-way gate leading to the halls of Pandemonium.
 53743 | Depths:1 | Found Qyrr's Distillery.
 53818 | Depths:1 | Identified the +0 helmet "Zakhe Voxze" {*Contam rN+ Slay+3} (You found it on level 1 of the Depths)
 53833 | Depths:1 | Found a white marble altar of Elyvilon.
 54012 | Depths:1 | Found a gateway to Hell.
 54347 | Depths:2 | Reached skill level 5 in Necromancy
 54638 | Depths:2 | Noticed a juggernaut
 54642 | Depths:2 | Killed a juggernaut
 54769 | Depths:2 | Found a blossoming altar of Fedhas.
 54769 | Depths:2 | Found a glowing golden altar of the Shining One.
 54770 | Depths:2 | Found a sacrificial altar of Ru.
 55862 | Depths:2 | Reached XP level 20. HP: 71/94 MP: 14/48
 57459 | Depths:2 | Found the silken robe
 57471 | Depths:2 | Identified the cursed -5 robe of Misfortune {-Cast *Contam *Tele *Drain EV-5 Stlth-- *Curse} (You found it on level 2 of the Depths)
 58165 | Depths:3 | Noticed Jory
 58169 | Depths:3 | Killed Jory
 58398 | Depths:3 | Found a gateway to a ziggurat.
 58463 | Depths:3 | Found a one-way gate to the infinite horrors of the Abyss.
 58829 | Depths:3 | Noticed Boris
 58831 | Depths:3 | Killed Boris
 59225 | Depths:3 | Learned a level 8 spell: Necromutation
 59228 | Depths:3 | Learned a level 2 spell: Blink
 59428 | Depths:3 | Reached skill level 1 in Transmutations
 59817 | Depths:4 | Identified the -3 pair of gloves "Hietahips" {Str+3} (You found it on level 4 of the Depths)
 59869 | Depths:4 | Noticed a golden dragon
 59874 | Depths:4 | Killed a golden dragon
 59874 | Depths:4 | Reached skill level 1 in Fighting
 59874 | Depths:4 | Reached XP level 21. HP: 100/100 MP: 18/50
 60419 | Depths:4 | Noticed a golden dragon
 60420 | Depths:4 | Killed a golden dragon
 61032 | Depths:4 | Found a runed door.
 61034 | Depths:4 | Noticed a juggernaut
 61697 | Depths:5 | Entered Level 5 of the Depths
 62218 | Depths:5 | Noticed Jorgrun
 62225 | Depths:5 | Killed Jorgrun
 62225 | Depths:5 | Reached skill level 5 in Fighting
 62365 | Depths:5 | Found Lidady's Armour Emporium.
 63209 | Depths:5 | Found a gate to the Realm of Zot.
 64653 | D:15     | Killed Yqeakiom's ghost
 64872 | D:12     | Killed Nib's ghost
 64872 | D:12     | Reached XP level 22. HP: 119/119 MP: 52/52
 65177 | Elf:1    | Killed Ennir's ghost
 66447 | Slime:1  | Entered Level 1 of the Pits of Slime
 67871 | Slime:5  | Entered Level 5 of the Pits of Slime
 67928 | Slime:5  | Killed the Royal Jelly
 68631 | Slime:5  | Reached XP level 23. HP: 130/130 MP: 54/54
 68805 | Slime:5  | Found the amulet of the Four Winds {rN+ MR+++ Clar}
 68810 | Slime:5  | Identified the Incunabulum of the Twisted Volcanoes
 68849 | Slime:5  | Got a slimy pewter amulet
 68863 | Slime:5  | Got a slimy rune of Zot
 68900 | Slime:5  | Identified Zinimihyitt's Guide on Companions and Enchantment
 68909 | Slime:5  | Identified the amulet "Leugakka" {+Rage Int+4} (You found it on level 5 of the Pits of Slime)
 69157 | Slime:5  | Identified the cursed +1 dagger of the Final Wars {freeze, rElec} (You found it on level 5 of the Pits of Slime)
 69536 | Vaults:1 | Entered Level 1 of the Vaults
 69937 | Vaults:1 | Reached skill level 10 in Fighting
 71397 | Vaults:2 | Reached skill level 10 in Ice Magic
 71524 | Vaults:2 | Found Itaugo Xag's Weapon Emporium.
 71958 | Vaults:2 | Reached skill level 15 in Dodging
 72972 | Vaults:3 | Learned a level 9 spell: Glaciate
 72973 | Vaults:3 | Found a staircase to the Crypt.
 74346 | Vaults:3 | Noticed Boris
 74350 | Vaults:3 | Killed Boris
 74350 | Vaults:3 | Reached XP level 24. HP: 137/137 MP: 37/54
 75573 | Vaults:4 | Noticed Bai Suzhen
 75580 | Vaults:4 | Killed Bai Suzhen
 76171 | Vaults:4 | Identified the cursed +3 dire flail "Peamm" {venom, Str+3 Int+7 SInv} (You found it on level 4 of the Vaults)
 76558 | Vaults:5 | Entered Level 5 of the Vaults
 76559 | Vaults:5 | Reached skill level 5 in Transmutations
 76902 | Vaults:5 | Reached skill level 10 in Necromancy
 77066 | Vaults:5 | Reached XP level 25. HP: 122/141 MP: 17/55
 77237 | Vaults:5 | Identified the +1 robe "Gonuofev" {+Fly Dex+4} (You found it on level 5 of the Vaults)
 77849 | Vaults:5 | Reached skill level 27 in Spellcasting
 78552 | Vaults:5 | Found Tus Toank's Food Shop.
 78554 | Vaults:5 | Identified the Incunabulum of Conjuration and Boosts
 78558 | Vaults:5 | Identified the Guide on Sinister Illusion
 79040 | Vaults:5 | Got a silver rune of Zot
 79041 | Vaults:5 | Identified the Tome of the Dark Mountains
 79209 | Vaults:5 | Identified Sif Muna's Reference Book on the Mutagenic Traveller
 79434 | Vaults:5 | Identified the quicksilver dragon scales "Jingepig" {rN+ MR+ SInv} (You took it off an orc on level 5 of the Vaults)
 79580 | Crypt:1  | Entered Level 1 of the Crypt
 79660 | Crypt:1  | Noticed Mennas
 79662 | Crypt:1  | Killed Mennas
 79796 | Crypt:1  | Reached skill level 10 in Transmutations
 82241 | Crypt:3  | Entered Level 3 of the Crypt
 82407 | Crypt:3  | Noticed a greater mummy
 82412 | Crypt:3  | Killed a greater mummy
 82462 | Crypt:3  | Noticed Khufu
 82467 | Crypt:3  | Killed Khufu
 82467 | Crypt:3  | Reached XP level 26. HP: 114/145 MP: 35/56
 82748 | Crypt:3  | Noticed an ancient lich
 82752 | Crypt:3  | Killed an ancient lich
 83423 | Crypt:3  | Found a basalt altar of Yredelemnul.
 83786 | Crypt:3  | Identified the Papyrus of Necromancy
 83814 | Crypt:3  | Identified a ring of the Octopus King {rN+ AC+1 EV+1 Str+1 Int+1 Dex+1} (You took it off a vampire knight on level 3 of the Crypt)
 83936 | Crypt:3  | Found a staircase to the Tomb.
 83953 | Crypt:3  | Identified the ring "Ziza" {rF+ rC+ EV+3} (You found it on level 3 of the Crypt)
 84729 | Zot:1    | Entered Level 1 of the Realm of Zot
 84798 | Zot:1    | Learned a level 8 spell: Lehudib's Crystal Spear
 85059 | Zot:1    | Reached skill level 15 in Necromancy
 85081 | Zot:1    | Reached skill level 15 in Ice Magic
 85554 | Zot:2    | Found a transporter.
 85817 | Zot:2    | Noticed Woelael's ghost (legendary NaFi)
 86158 | Zot:2    | Noticed an ancient lich
 86171 | Zot:2    | Reached skill level 15 in Transmutations
 86174 | Zot:2    | Reached skill level 1 in Earth Magic
 86406 | Zot:2    | Found a transporter.
 86826 | Zot:2    | Upgraded the game from 0.22-a0-538-g76cc104 to 0.22-a0-542-gce4f928
 87148 | Zot:3    | Reached XP level 27. HP: 131/152 MP: 44/56
 89457 | Zot:3    | Reached skill level 5 in Earth Magic
 91249 | Zot:5    | Entered Level 5 of the Realm of Zot
 91410 | Zot:5    | Noticed an orb of fire
 91427 | Zot:5    | Gained mutation: Armour fits poorly on your strangely shaped body. [an orb of fire]
 91428 | Zot:5    | Killed an orb of fire
 91500 | Zot:5    | Noticed an ancient lich
 91954 | Zot:5    | Killed an ancient lich
 92106 | Zot:5    | Noticed an ancient lich
 92110 | Zot:5    | Killed an ancient lich
 92112 | Zot:5    | Noticed an ancient lich
 92114 | Zot:5    | Killed an ancient lich
 92241 | Zot:5    | Noticed an ancient lich
 92244 | Zot:5    | Killed an ancient lich
 92392 | Zot:5    | Noticed an ancient lich
 92394 | Zot:5    | Killed an ancient lich
 92594 | Zot:5    | Noticed an ancient lich
 92596 | Zot:5    | Killed an ancient lich
 93297 | Zot:5    | Noticed an orb of fire
 93302 | Zot:5    | Killed an orb of fire
 93308 | Zot:5    | Noticed an orb of fire
 94296 | Zig:1    | Entered Level 1 of a ziggurat
 94340 | Zig:2    | Entered Level 2 of a ziggurat
 94410 | Zig:3    | Entered Level 3 of a ziggurat
 94453 | Zig:4    | Entered Level 4 of a ziggurat
 94487 | Zig:5    | Entered Level 5 of a ziggurat
 94493 | Zig:5    | Noticed Huse the pandemonium lord
 94499 | Zig:5    | Killed Huse the pandemonium lord
 94555 | Zig:5    | Got a pair of smoking gloves
 94556 | Zig:5    | Identified the +2 pair of gloves of the Elven Halls {rElec} (You found it on level 5 of a ziggurat)
 94572 | Zig:6    | Entered Level 6 of a ziggurat
 94645 | Zig:7    | Entered Level 7 of a ziggurat
 94673 | Zig:7    | Got a glittering bone ring
 94689 | Zig:7    | Identified the ring "Mammacedgh" {rElec rPois rF+ Str+2 Dex-4} (You found it on level 7 of a ziggurat)
 94695 | Zig:8    | Entered Level 8 of a ziggurat
 94730 | Zig:8    | Got a glittering platinum ring
 94747 | Zig:8    | Identified the ring of Megalomania {rC+ Str+4 Dex+5} (You found it on level 8 of a ziggurat)
 94760 | Zig:9    | Entered Level 9 of a ziggurat
 94773 | Zig:9    | Found the +8 mithril axe "Arga" {speed, MR+}
 94812 | Zig:10   | Entered Level 10 of a ziggurat
 94823 | Zig:10   | Noticed an ancient lich
 94826 | Zig:10   | Killed an ancient lich
 94827 | Zig:10   | Reached skill level 15 in Fighting
 94879 | Zig:10   | Identified the amulet "Racour" {Spirit rC+} (You found it on level 10 of a ziggurat)
 94906 | Zig:11   | Entered Level 11 of a ziggurat
 94943 | Zig:11   | Identified the ring "Awko" {SInv Stlth-} (You found it on level 11 of a ziggurat)
 95080 | Zig:12   | Entered Level 12 of a ziggurat
 95092 | Zig:12   | Found the +3 giant club "Skullcrusher" {speed, Str+7}
 95133 | Zig:12   | Identified Inetah's Compendium of Execration
 95143 | Zig:13   | Entered Level 13 of a ziggurat
 95200 | Zig:13   | Identified the Reference Book on the Mutagenic Birds
 95242 | Zig:13   | Identified the +0 leather armour "Joblyczo" {rElec Int+4 Stlth+} (You found it on level 13 of a ziggurat)
 95244 | Zig:14   | Entered Level 14 of a ziggurat
 95266 | Zig:14   | Noticed a greater mummy
 95268 | Zig:14   | Killed a greater mummy
 95271 | Zig:14   | Noticed a greater mummy
 95272 | Zig:14   | Killed a greater mummy
 95273 | Zig:14   | Noticed an ancient lich
 95276 | Zig:14   | Killed an ancient lich
 95283 | Zig:14   | Noticed a greater mummy
 95286 | Zig:14   | Killed a greater mummy
 95289 | Zig:14   | Noticed a greater mummy
 95294 | Zig:14   | Killed a greater mummy
 95658 | Zig:14   | Got a clouded copper amulet
 95659 | Zig:14   | Identified the amulet "Xeoxt" {Spirit rElec} (You found it on level 14 of a ziggurat)
 95665 | Zig:14   | Got a brightly glowing copper ring
 95666 | Zig:14   | Identified the ring of Ynaacui {*Drain rF++ MP+9 Int+3 Dex+9 Stlth-} (You found it on level 14 of a ziggurat)
 95672 | Zig:14   | Identified the +6 quarterstaff of Ywungeb {freeze, MP+9 Dex+4} (You found it on level 14 of a ziggurat)
 95675 | Zig:14   | Identified the cursed +1 leather armour of the Duchess {rF+ rC+ Stlth+} (You found it on level 14 of a ziggurat)
 95689 | Zig:15   | Entered Level 15 of a ziggurat
 95782 | Zig:15   | Identified the +1 robe "Wabrus" {Str+3 Int-5 SInv} (You found it on level 15 of a ziggurat)
 95862 | Zig:16   | Entered Level 16 of a ziggurat
 95869 | Zig:16   | Noticed a greater mummy
 95873 | Zig:16   | Killed a greater mummy
 95873 | Zig:16   | Noticed a greater mummy
 95877 | Zig:16   | Killed a greater mummy
 95878 | Zig:16   | Noticed a greater mummy
 95882 | Zig:16   | Noticed a greater mummy
 95883 | Zig:16   | Noticed a greater mummy
 95884 | Zig:16   | Killed a greater mummy
 95895 | Zig:16   | Noticed a greater mummy
 95896 | Zig:16   | Killed a greater mummy
 95900 | Zig:16   | Killed a greater mummy
 95904 | Zig:16   | Killed a greater mummy
 96209 | Zig:16   | Found the +8 whip "Snakebite" {curare, rPois}
 96212 | Zig:16   | Identified the ring "Dehe" {rN++ MP+9 EV+3 Dex-2 Slay+3} (You found it on level 16 of a ziggurat)
 96215 | Zig:16   | Identified the +3 quarterstaff "Utiom" {pain, rF+} (You found it on level 16 of a ziggurat)
 96229 | Zig:16   | Identified the ring of Voufesou {Int+2 Stlth+} (You found it on level 16 of a ziggurat)
 96277 | Zig:17   | Entered Level 17 of a ziggurat
 96291 | Zig:17   | Reached skill level 27 in Conjurations
 96292 | Zig:17   | Reached skill level 1 in Staves
 96400 | Zig:17   | Found the +6 shillelagh "Devastator" {shatter}
 96411 | Zig:17   | Identified the +0 pair of boots of Biupe {*Contam rC- Str+8} (You found it on level 17 of a ziggurat)
 96424 | Zig:17   | Identified the Collected Works on Translocation and Transmutation
 96429 | Zig:17   | Identified the Catalogue of Dusty Blows and Bruises
 96497 | Zig:17   | Identified the +10 plate armour "Vitaumi" {rElec Str+4} (You found it on level 17 of a ziggurat)
 96500 | Zig:18   | Entered Level 18 of a ziggurat
 96509 | Zig:18   | Reached skill level 1 in Evocations
 96515 | Zig:18   | Reached skill level 5 in Staves
 96621 | Zig:18   | Identified the +0 ring mail of Makhleb's Hope {rPois rC+ Dex+2} (You found it on level 18 of a ziggurat)
 96739 | Zig:19   | Entered Level 19 of a ziggurat
 96752 | Zig:19   | Reached skill level 10 in Staves
 96833 | Zig:19   | Identified the Volume of Evil Battle Magic
 96890 | Zig:20   | Entered Level 20 of a ziggurat
 96910 | Zig:20   | Reached skill level 5 in Evocations
 97012 | Zig:20   | Found the +5 demon whip "Spellbinder" {antimagic, MR+}
 97048 | Zig:20   | Identified the +10 quarterstaff of Sharkskin {freeze, rElec Dex+2 Stlth-} (You found it on level 20 of a ziggurat)
 97062 | Zig:21   | Entered Level 21 of a ziggurat
 97168 | Zig:21   | Identified the cursed +1 leather armour of Poor Excuses {rC+} (You found it on level 21 of a ziggurat)
 97177 | Zig:21   | Identified the Volume of Freezing Dislocation
 97208 | Zig:22   | Entered Level 22 of a ziggurat
 97223 | Zig:22   | Killed a juggernaut
 97230 | Zig:22   | Noticed a juggernaut
 97230 | Zig:22   | Noticed a juggernaut
 97231 | Zig:22   | Killed a juggernaut
 97233 | Zig:22   | Killed a juggernaut
 97238 | Zig:22   | Reached skill level 10 in Evocations
 97238 | Zig:22   | Killed a juggernaut
 97246 | Zig:22   | Noticed a juggernaut
 97247 | Zig:22   | Killed a juggernaut
 97329 | Zig:22   | Identified the ring "Aneebor" {rPois rN+ Int+4} (You found it on level 22 of a ziggurat)
 97334 | Zig:22   | Identified the ring of the Saviour {+Fly rC- MR+ Stlth+} (You found it on level 22 of a ziggurat)
 97343 | Zig:22   | Identified Sif Muna's Handbook of Captivating Contamination
 97378 | Zig:23   | Entered Level 23 of a ziggurat
 97521 | Zig:23   | Identified the cursed +0 quarterstaff of Equilibrium {crush, Str+5} (You found it on level 23 of a ziggurat)
 97548 | Zig:23   | Identified the ring of Ametenah {+Fly Str+2} (You found it on level 23 of a ziggurat)
 97566 | Zig:23   | Got a scintillating golden ring
 97568 | Zig:24   | Entered Level 24 of a ziggurat
 97575 | Zig:24   | Noticed a greater mummy
 97576 | Zig:24   | Noticed a greater mummy
 97578 | Zig:24   | Killed a greater mummy
 97578 | Zig:24   | Killed a greater mummy
 97578 | Zig:24   | Lost strength.
 97591 | Zig:24   | Noticed a greater mummy
 97592 | Zig:24   | Killed a greater mummy
 97595 | Zig:24   | Noticed a greater mummy
 97597 | Zig:24   | Killed a greater mummy
 97599 | Zig:24   | Noticed a greater mummy
 97599 | Zig:24   | Noticed a greater mummy
 97600 | Zig:24   | Killed a greater mummy
 97600 | Zig:24   | Noticed a greater mummy
 97601 | Zig:24   | Killed a greater mummy
 97603 | Zig:24   | Killed a greater mummy
 97603 | Zig:24   | Killed a greater mummy
 97603 | Zig:24   | Noticed a greater mummy
 97604 | Zig:24   | Noticed a greater mummy
 97605 | Zig:24   | Killed a greater mummy
 97607 | Zig:24   | Noticed a greater mummy
 97635 | Zig:24   | Killed a greater mummy
 97636 | Zig:24   | Mangled by a reaper

Vault maps used:
D:1:      lightli_arrival_chessboard
D:2:      first_ration
D:3:      grunt_temple_overflow_open, trog_book
D:5:      basic_altar, uniq_pikel
D:6:      serial_undead, serial_undead_f, serial_undead_e, serial_undead_d,
          serial_undead_b, fedhas_altar_decomposition
D:7:      elyvilon_altar_4, minmay_temple_entry_statues_fountains,
          lightli_minifort
D:8:      zin_scriptorium, serial_shops, nicolae_shop_stone,
          ebering_ghost_funeral_grove, uniq_gastronok
D:9:      david_orc_5, uniq_erolcha
D:10:     minmay_flawed_box, uniq_urug
D:11:     minmay_lair_entry_grove, serial_shops, kennysheep_little_box
D:12:     gammafunk_ghost_necromancy, hangedman_ranch, uniq_josephine
D:13:     grunt_ministairs_14
D:14:     david_vaults_5, minmay_fountain_box, serial_curves, eino_curves_02,
          eino_curves_03, bh_hangedman_babel_library, uniq_frances
D:15:     grunt_enter_depths_snipers, nicolae_ru_sacrificial_ziggurat,
          gammafunk_ghost_spectres, serial_shops,
          nicolae_shop_temple_entry_statues_fountains, spider_trap,
          okawaru_ov_weapons_minmay
Lair:1:   minmay_lair_oklob_bushes, cheibrodos_lair_caveside_slide,
          minmay_hedge_maze
Lair:2:   infiniplex_staircase_pool, grunt_megastairs_1,
          minmay_lair_oklob_chamber, lemuel_fruit_tree
Lair:3:   lemuel_slime, minmay_swamp_entry_worms, guppyfry_snake_entry_garden,
          kennysheep_basilisk_garden, lemuel_fruit_fields, uniq_nergalle
Lair:4:   grunt_megastairs_3
Lair:5:   serial_bayou_shore_a, grunt_megastairs_4, serial_bayou_shore_b
Lair:6:   minmay_lair_end_frog_pond, minmay_slime_entry_jelly_boxes,
          serial_bayou_shore_b, infiniplex_staircase_pool_2
Swamp:1:  evilmike_swamp_ruin_house_6, swamp_pool1
Swamp:2:  evilmike_swamp_ruin_house_1
Swamp:3:  evilmike_swamp_ruin_house_5, swamp_pool1, statue_in_the_mist_lemuel
Swamp:4:  swamp_icy
Snake:2:  serial_shops, shop, serial_bayou_shore_b
Snake:3:  st_stairs_1, grunt_ministairs_4
Snake:4:  minmay_snake_end_coiled, basic_altar, uniq_donald, uniq_vashnia,
          uniq_aizul, uniq_nikola
Orc:1:    portal_ice_cave_entry_ice_beasts, serial_shops, shop
Orc:2:    st_orc_mages, uniq_azrael
Elf:1:    minmay_ambush_box, serial_shops, shop, gammafunk_ghost_split,
          minmay_elf_necromancy
Elf:2:    serial_shops, nicolae_shop_statue_plus
Elf:3:    elf_hall
Vaults:1: nicolae_vaults_hallways_thing, v_misc_23, vaults_dpeg_hooks,
          st_lattice, vaults_room_stairs_pillars
Vaults:2: ontoclasm_vaults_chip, v_misc_27, st_cross, hangedman_vaults_slice,
          dpeg_vaults_monster_box, nicolae_vaults_little_squares_3, v_misc_18,
          ontoclasm_vaults_eye, vaults_room_large_hall, grunt_vaults_diagonal,
          vaults_room_large_hall, nicolae_vaults_circle_grid_b, serial_shops,
          nicolae_shop_stone
Vaults:3: nicolae_vaults_specimen_jars, v_misc_29, st_spiral_rooms,
          hangedman_vaults_stagger, serial_ice_m, v_misc_10,
          vaults_room_door_ring, minmay_crypt_entry_simple_corners,
          hangedman_vaults_unwind, vaults_room_octagon, hangedman_vaults_pinch,
          nicolae_vaults_what_the_h, nicolae_vaults_shelves_hall,
          nicolae_vaults_little_squares_5, nicolae_vaults_big_angled_halls,
          uniq_boris
Vaults:4: v_misc_13, ontoclasm_vaults_ring_square, v_misc_17, v_misc_15,
          uniq_bai_suzhen
Vaults:5: serial_shops
Crypt:1:  uniq_mennas
Crypt:2:  serial_corexii_hall, corexii_hall_statues_i,
          corexii_hall_statues_deadend, corexii_hall_statues_deadend,
          corexii_hall_statues_i, hex_medium
Crypt:3:  cryptofortress_bobbens, uniq_khufu
Depths:1: serial_shops, nicolae_shop_trees, grunt_pan_entry_spiral,
          gammafunk_ghost_necromancy, hell_entry, kennysheep_flooded_box,
          nicolae_transmutations_shop, uniq_saint_roka
Depths:2: hangedman_slaughterboxes, hell_entry, pan_entry
Depths:3: hangedman_screamer, enter_ziggurat_c, hell_entry, abyss_entry,
          minmay_misc_feat_iff, pan_entry, uniq_jory
Depths:4: minmay_containers, minmay_misc_feat_ornament,
          pf_hell_entry_tar_spiral, abyss_entry, minmay_hidden_floor
Depths:5: grunt_zot_entry_hairpin, hell_entry, abyss_entry, serial_shops,
          nicolae_shop_crystal, grunt_decor_arrowhead, uniq_jorgrun
Zot:2:    gammafunk_ghost_mausoleum
Zot:3:    infiniplex_zot_generator, st_stairs_6, zot_minivault_7
Zot:4:    lemuel_baited_zot_trap
Zig:10:   ziggurat_pillar_centre_c
Zig:11:   ziggurat_pillar_centre_dead_trees
Zig:13:   ziggurat_pillar_centre_oklobs
Zig:19:   ziggurat_pillar_centre_smoke
Zig:22:   ziggurat_pillar_centre_drop
IceCv:    ice_cave_statue_garden_transporter

Skill      XL: |  1  2  3  4  5  6  7  8  9 10 11 12 13 14 15 16 17 18 19 20 21 22 23 24 25 26 27 |
---------------+----------------------------------------------------------------------------------+-----
Conjurations   | 2 3 4 5 6 8 9 11 12 13 14 15 16 18 19 20 21 22 23 24 27 | 27.0
Fire Magic     | 4 5 6 8 9 11 12 13 14 15 17 18 19 20 21 24 | 24.4
Spellcasting   | 4 5 7 9 10 12 13 15 16 18 19 20 21 22 23 24 25 26 27 | 27.0
Dodging        | 6 8 10 11 12 13 14 15 25 | 25.5
Poison Magic   | 4 |  4.0
Charms         | 6 10 | 10.0
Air Magic      | 4 6 |  6.1
Ice Magic      | 5 6 9 11 13 14 15 16 | 16.0
Necromancy     | 3 6 7 10 13 15 17 | 17.0
Transmutations | 1 7 11 15 18 | 18.0
Fighting       | 1 6 9 10 19 | 19.2
Earth Magic    | 2 5 |  5.1
Staves         | 14 | 14.0
Evocations     | 13 | 13.2
Stealth        | |  2.4

Action                   |  1- 3 |  4- 6 |  7- 9 | 10-12 | 13-15 | 16-18 | 19-21 | 22-24 | 25-27 || total
-------------------------+-------+-------+-------+-------+-------+-------+-------+-------+-------++-------
Melee: Unarmed           |     1 |       |    19 |       |       |       |       |       |       ||    20
       Staff             |       |       |       |     6 |     8 |     1 |       |       |     1 ||    16
Throw: Javelin           |    22 |     5 |       |       |       |       |       |       |       ||    27
       Tomahawk          |       |    24 |     1 |       |       |       |       |       |       ||    25
       Stone             |       |       |    31 |    18 |       |       |       |       |       ||    49
 Cast: Flame Tongue      |    51 |    81 |   282 |   222 |    26 |     3 |     1 |       |       ||   666
       Conjure Flame     |       |     5 |    41 |    27 |       |     5 |       |       |       ||    78
       Sticky Flame      |       |     5 |     8 |    31 |    20 |    12 |       |       |       ||    76
       Fireball          |       |       |     6 |   114 |   355 |   331 |    13 |    10 |       ||   829
       Stone Arrow       |       |       |     6 |    12 |     1 |     1 |       |       |       ||    20
       Mephitic Cloud    |       |       |       |     8 |     1 |       |       |       |       ||     9
       Poison Arrow      |       |       |       |    27 |    48 |    92 |    76 |     5 |       ||   248
       Bolt of Cold      |       |       |       |       |     6 |    76 |    58 |     6 |       ||   146
       Orb of Destructio |       |       |       |       |    59 |   126 |    56 |    12 |     7 ||   260
       Deflect Missiles  |       |       |       |       |     1 |     7 |     2 |     3 |     1 ||    14
       Ignition          |       |       |       |       |       |    18 |    10 |     2 |    12 ||    42
       Sublimation of Bl |       |       |       |       |       |     4 |    56 |    29 |   177 ||   266
       Fire Storm        |       |       |       |       |       |       |   279 |   374 |   838 ||  1491
       Regeneration      |       |       |       |       |       |       |    20 |    17 |    80 ||   117
       Blink             |       |       |       |       |       |       |    10 |     8 |     3 ||    21
       Glaciate          |       |       |       |       |       |       |       |     7 |    82 ||    89
       Apportation       |       |       |       |       |       |       |       |       |    13 ||    13
       Lehudib's Crystal |       |       |       |       |       |       |       |       |    13 ||    13
       Necromutation     |       |       |       |       |       |       |       |       |     5 ||     5
 Abil: End Transformatio |       |       |       |       |       |       |       |       |     1 ||     1
Evoke: Wand              |       |       |     5 |       |       |       |       |       |     1 ||     6
  Use: Scroll            |       |     4 |       |    18 |    10 |    20 |    11 |     8 |    45 ||   116
       Potion            |       |       |       |       |     4 |     5 |     2 |     1 |    23 ||    35
 Stab: Distracted        |       |       |     1 |       |       |       |       |       |       ||     1
  Eat: Chunk             |       |    10 |    15 |    31 |    25 |    29 |    34 |    23 |    26 ||   193
       Ration            |       |       |     1 |     1 |     6 |    13 |     9 |     5 |    13 ||    48
Armor: Robe              |     4 |     7 |     9 |     9 |     2 |    12 |    23 |    13 |    11 ||    90
       Ring mail         |       |       |       |     5 |    32 |       |       |       |       ||    37
Dodge: Dodged            |    10 |    30 |    35 |    36 |    91 |   144 |    78 |    78 |    91 ||   593
       Deflected         |       |       |       |       |       |    58 |    25 |    35 |    26 ||   144

Table legend:
 A = Spawn XP
 B = Non-spawn XP
 C = Spawn XP percentage of total XP
 D = Spawn monster count
 E = Non-spawn monster count
 F = Spawn count percentage of total count
 G = Total turns spent on level
                    A         B        C        D         E        F      G
               +---------+---------+-------+---------+---------+-------+---------
         Total |       0 | 2561416 |   0.0 |       0 |    3442 |   0.0 | 97636
               +---------+---------+-------+---------+---------+-------+---------
           D:1 |       0 |      32 |   0.0 |       0 |      19 |   0.0 |   610
           D:2 |       0 |      87 |   0.0 |       0 |      19 |   0.0 |  1444
           D:3 |       0 |     322 |   0.0 |       0 |      22 |   0.0 |  1300
           D:4 |       0 |     301 |   0.0 |       0 |      13 |   0.0 |  1216
           D:5 |       0 |     729 |   0.0 |       0 |       7 |   0.0 |   944
           D:6 |       0 |    1436 |   0.0 |       0 |      29 |   0.0 |  1387
           D:7 |       0 |    1327 |   0.0 |       0 |      31 |   0.0 |  2159
           D:8 |       0 |    5693 |   0.0 |       0 |      31 |   0.0 |  1977
           D:9 |       0 |    5965 |   0.0 |       0 |      59 |   0.0 |  2670
          D:10 |       0 |    3746 |   0.0 |       0 |      23 |   0.0 |  1411
          D:11 |       0 |    5368 |   0.0 |       0 |      38 |   0.0 |  1705
          D:12 |       0 |   12507 |   0.0 |       0 |      46 |   0.0 |  1049
          D:13 |       0 |    9899 |   0.0 |       0 |      41 |   0.0 |  1677
          D:14 |       0 |    9797 |   0.0 |       0 |      18 |   0.0 |  1319
          D:15 |       0 |   22023 |   0.0 |       0 |      49 |   0.0 |  1920
        Lair:1 |       0 |    1753 |   0.0 |       0 |       6 |   0.0 |  1136
        Lair:2 |       0 |    5522 |   0.0 |       0 |      29 |   0.0 |  1342
        Lair:3 |       0 |    7234 |   0.0 |       0 |      50 |   0.0 |  1359
        Lair:4 |       0 |    4990 |   0.0 |       0 |      20 |   0.0 |   981
        Lair:5 |       0 |   11058 |   0.0 |       0 |      43 |   0.0 |  2063
        Lair:6 |       0 |   21502 |   0.0 |       0 |      89 |   0.0 |  1492
       Swamp:1 |       0 |   15445 |   0.0 |       0 |      33 |   0.0 |  1534
       Swamp:2 |       0 |   13086 |   0.0 |       0 |      29 |   0.0 |   800
       Swamp:3 |       0 |   15212 |   0.0 |       0 |      34 |   0.0 |  1239
       Swamp:4 |       0 |   22185 |   0.0 |       0 |      66 |   0.0 |  1633
       Snake:1 |       0 |   14322 |   0.0 |       0 |      30 |   0.0 |  1716
       Snake:2 |       0 |   15163 |   0.0 |       0 |      30 |   0.0 |  1726
       Snake:3 |       0 |   14408 |   0.0 |       0 |      27 |   0.0 |  2828
       Snake:4 |       0 |   48739 |   0.0 |       0 |      77 |   0.0 |  2409
       Slime:1 |       0 |   24082 |   0.0 |       0 |      37 |   0.0 |   520
       Slime:2 |       0 |    7825 |   0.0 |       0 |      23 |   0.0 |   414
       Slime:3 |       0 |    7888 |   0.0 |       0 |       8 |   0.0 |   426
       Slime:4 |       0 |   19591 |   0.0 |       0 |      36 |   0.0 |   481
       Slime:5 |       0 |   52420 |   0.0 |       0 |      54 |   0.0 |   954
         Orc:1 |       0 |    7811 |   0.0 |       0 |      56 |   0.0 |  1178
         Orc:2 |       0 |   10220 |   0.0 |       0 |      74 |   0.0 |  2375
         Elf:1 |       0 |   27080 |   0.0 |       0 |      43 |   0.0 |  2132
         Elf:2 |       0 |   31615 |   0.0 |       0 |      36 |   0.0 |  1466
         Elf:3 |       0 |   52399 |   0.0 |       0 |      50 |   0.0 |  2210
      Vaults:1 |       0 |   42063 |   0.0 |       0 |      74 |   0.0 |  1750
      Vaults:2 |       0 |   30379 |   0.0 |       0 |      48 |   0.0 |  1624
      Vaults:3 |       0 |   72987 |   0.0 |       0 |     109 |   0.0 |  1969
      Vaults:4 |       0 |   41238 |   0.0 |       0 |      59 |   0.0 |  2453
      Vaults:5 |       0 |  196899 |   0.0 |       0 |     192 |   0.0 |  2328
       Crypt:1 |       0 |   31326 |   0.0 |       0 |      46 |   0.0 |  1308
       Crypt:2 |       0 |   30941 |   0.0 |       0 |      45 |   0.0 |  1424
       Crypt:3 |       0 |   80467 |   0.0 |       0 |      91 |   0.0 |  1879
      Depths:1 |       0 |   33292 |   0.0 |       0 |      55 |   0.0 |  2095
      Depths:2 |       0 |   97513 |   0.0 |       0 |     100 |   0.0 |  4446
      Depths:3 |       0 |   66170 |   0.0 |       0 |      80 |   0.0 |  1558
      Depths:4 |       0 |   44622 |   0.0 |       0 |      36 |   0.0 |  2402
      Depths:5 |       0 |   73409 |   0.0 |       0 |      70 |   0.0 |  2505
         Zot:1 |       0 |   50217 |   0.0 |       0 |      28 |   0.0 |  1424
         Zot:2 |       0 |   58696 |   0.0 |       0 |      35 |   0.0 |  1373
         Zot:3 |       0 |  131677 |   0.0 |       0 |      91 |   0.0 |  2865
         Zot:4 |       0 |   48261 |   0.0 |       0 |      30 |   0.0 |  1306
         Zot:5 |       0 |  153759 |   0.0 |       0 |      59 |   0.0 |  1921
         Zig:1 |       0 |    2320 |   0.0 |       0 |       2 |   0.0 |    44
         Zig:2 |       0 |    4572 |   0.0 |       0 |       2 |   0.0 |    70
         Zig:3 |       0 |    2288 |   0.0 |       0 |       5 |   0.0 |    43
         Zig:4 |       0 |    6366 |   0.0 |       0 |       4 |   0.0 |    34
         Zig:5 |       0 |   17021 |   0.0 |       0 |       7 |   0.0 |    85
         Zig:6 |       0 |    9324 |   0.0 |       0 |       7 |   0.0 |    73
         Zig:7 |       0 |   12419 |   0.0 |       0 |       9 |   0.0 |    50
         Zig:8 |       0 |   11805 |   0.0 |       0 |      13 |   0.0 |    65
         Zig:9 |       0 |    9914 |   0.0 |       0 |      18 |   0.0 |    52
        Zig:10 |       0 |   30142 |   0.0 |       0 |      14 |   0.0 |    94
        Zig:11 |       0 |   16985 |   0.0 |       0 |      22 |   0.0 |   174
        Zig:12 |       0 |   22452 |   0.0 |       0 |      19 |   0.0 |    63
        Zig:13 |       0 |   27377 |   0.0 |       0 |      28 |   0.0 |   101
        Zig:14 |       0 |   37159 |   0.0 |       0 |      44 |   0.0 |   445
        Zig:15 |       0 |   27513 |   0.0 |       0 |      33 |   0.0 |   173
        Zig:16 |       0 |   50924 |   0.0 |       0 |      51 |   0.0 |   415
        Zig:17 |       0 |   35118 |   0.0 |       0 |      42 |   0.0 |   223
        Zig:18 |       0 |   42533 |   0.0 |       0 |      49 |   0.0 |   239
        Zig:19 |       0 |   47436 |   0.0 |       0 |      35 |   0.0 |   151
        Zig:20 |       0 |   48435 |   0.0 |       0 |      59 |   0.0 |   172
        Zig:21 |       0 |   48224 |   0.0 |       0 |      97 |   0.0 |   146
        Zig:22 |       0 |  104838 |   0.0 |       0 |      47 |   0.0 |   170
        Zig:23 |       0 |   43918 |   0.0 |       0 |      73 |   0.0 |   190
        Zig:24 |       0 |   84916 |   0.0 |       0 |      79 |   0.0 |    68
         IceCv |       0 |    2719 |   0.0 |       0 |      10 |   0.0 |   464
               +---------+---------+-------+---------+---------+-------+---------
